SAAA
ATHLETIC CLUB KC RESERVES @ PURE MICHIGAN GREAT LAKERS
09/03/2029
 
TOP OF THE 1ST
Athletic Club KC Reserves batting - Pitching for Pure Michigan Great Lakers : RHP Jimmy O'Flahavan
Pitching: RHP Jimmy O'Flahavan
Batting: RHB Khal Drogo 0-0: Ball
1-0: Foul Ball, location: 2F
1-1: Foul Ball, location: 2F
1-2: Strikes out swinging
Batting: RHB Iván Chacón 0-0: Swinging Strike
0-1: Foul Ball, location: 2F
0-2: Ball
1-2: Strikes out swinging
Batting: LHB Wu-shun Chu 0-0: Foul Ball, location: 2F
0-1: Ball
1-1: Called Strike
1-2: Ball
2-2: Strikes out swinging
Top of the 1st over - 0 runs, 0 hits, 0 errors, 0 left on base; Athletic Club KC 0 - Pure Michigan 0
BOTTOM OF THE 1ST
Pure Michigan Great Lakers batting - Pitching for Athletic Club KC Reserves : RHP Álex Bane
Pitching: RHP Álex Bane
Batting: RHB Roberto Hernández 0-0: Fly out, F7 (Line Drive, 7S)
Batting: SHB Keyveat Postell 0-0: Ball
1-0: Ball
2-0: Fly out, F6 (Popup, 6MD)
Batting: SHB Shiki Sanu 0-0: Called Strike
0-1: Ball
1-1: Ball
2-1: Ball
3-1: Foul Ball, location: 2F
3-2: Base on Balls
Batting: LHB Lance Antle 0-0: Foul Ball, location: 2F
0-1: Fly out, F7 (Flyball, 7S)
Bottom of the 1st over - 0 runs, 0 hits, 0 errors, 1 left on base; Athletic Club KC 0 - Pure Michigan 0
TOP OF THE 2ND
Athletic Club KC Reserves batting - Pitching for Pure Michigan Great Lakers : RHP Jimmy O'Flahavan
Batting: LHB Tsai Ng 0-0: Ball
1-0: Swinging Strike
1-1: Foul Ball, location: 2F
1-2: Foul Ball, location: 2F
1-2: Ball
2-2: SINGLE (Flyball, 5D)
Batting: RHB Andrés Medina 0-0: Called Strike
Tsai Ng steals 2nd base
0-1: Foul Ball, location: 2F
0-2: Strikes out looking
Batting: RHB Dani Reyes 0-0: SINGLE (Groundball, 4M) (infield hit)
Tsai Ng to third
Batting: RHB Allen Williams 0-0: Ball
1-0: Called Strike
1-1: Called Strike
Dani Reyes steals 2nd base
1-2: Ball
2-2: Ball
3-2: Foul Ball, location: 2F
3-2: Foul Ball, location: 2F
3-2: Ground out 3-1 (Groundball, 34)
Tsai Ng scores
Dani Reyes to third
Batting: RHB Geoff Rivers 0-0: Called Strike
0-1: Swinging Strike
0-2: Ball
1-2: Ball
2-2: Ball
3-2: Foul Ball, location: 2F
3-2: Foul Ball, location: 2F
3-2: Foul Ball, location: 2F
3-2: SINGLE (Groundball, 6MD)
Dani Reyes scores
Batting: LHB Héctor Barrios 0-0: Ball
1-0: Called Strike
1-1: Ball
2-1: Foul Ball, location: 2F
2-2: Foul Ball, location: 2F
2-2: Strikes out looking
Top of the 2nd over - 2 runs, 3 hits, 0 errors, 1 left on base; Athletic Club KC 2 - Pure Michigan 0
BOTTOM OF THE 2ND
Pure Michigan Great Lakers batting - Pitching for Athletic Club KC Reserves : RHP Álex Bane
Batting: RHB Steve Irwin 0-0: Fly out, F7 (Flyball, 7D)
Batting: LHB Ye Der 0-0: Fly out, F7 (Flyball, 7S)
Batting: RHB Lorenzo Ruíz 0-0: Fly out, F9 (Flyball, 9S)
Bottom of the 2nd over - 0 runs, 0 hits, 0 errors, 0 left on base; Athletic Club KC 2 - Pure Michigan 0
TOP OF THE 3RD
Athletic Club KC Reserves batting - Pitching for Pure Michigan Great Lakers : RHP Jimmy O'Flahavan
Batting: RHB Khal Drogo 0-0: Called Strike
0-1: Swinging Strike
0-2: Ball
1-2: Ground out 6-3 (Groundball, 6)
Batting: RHB Iván Chacón 0-0: Foul Ball, location: 2F
0-1: SINGLE (Flyball, 89S)
Batting: LHB Wu-shun Chu 0-0: Ball
1-0: Foul Ball, location: 2F
1-1: Ball
2-1: Called Strike
2-2: Ball
3-2: Strikes out swinging
Batting: LHB Tsai Ng 0-0: TRIPLE (Flyball, 8LXD)
Iván Chacón scores
Batting: RHB Andrés Medina 0-0: Called Strike
0-1: Fly out, F5 (Line Drive, 5)
Top of the 3rd over - 1 run, 2 hits, 0 errors, 1 left on base; Athletic Club KC 3 - Pure Michigan 0
BOTTOM OF THE 3RD
Pure Michigan Great Lakers batting - Pitching for Athletic Club KC Reserves : RHP Álex Bane
Batting: RHB Bob Barlow 0-0: Ball
1-0: Ball
2-0: Ball
3-0: Called Strike
3-1: Called Strike
3-2: Foul Ball, location: 2F
3-2: Fly out, F9 (Flyball, 89D)
Batting: RHB George St. Clair 0-0: Called Strike
0-1: Ball
1-1: Ground out 1-3 (Groundball, 15S)
Batting: RHB Roberto Hernández 0-0: Called Strike
0-1: Ball
1-1: Called Strike
1-2: Foul Ball, location: 2F
1-2: Strikes out looking
Bottom of the 3rd over - 0 runs, 0 hits, 0 errors, 0 left on base; Athletic Club KC 3 - Pure Michigan 0
TOP OF THE 4TH
Athletic Club KC Reserves batting - Pitching for Pure Michigan Great Lakers : RHP Jimmy O'Flahavan
Batting: RHB Dani Reyes 0-0: Foul Ball, location: 2F
0-1: Foul Ball, location: 2F
0-2: Ball
1-2: Ball
2-2: Strikes out swinging
Batting: RHB Allen Williams 0-0: Ball
1-0: Foul Ball, location: 2F
1-1: Foul Ball, location: 2F
1-2: Ground out U3 (Groundball, 3S)
Batting: RHB Geoff Rivers 0-0: Called Strike
0-1: Foul Ball, location: 2F
0-2: Ground out 5-3 (Groundball, 56S)
Top of the 4th over - 0 runs, 0 hits, 0 errors, 0 left on base; Athletic Club KC 3 - Pure Michigan 0
BOTTOM OF THE 4TH
Pure Michigan Great Lakers batting - Pitching for Athletic Club KC Reserves : RHP Álex Bane
Batting: SHB Keyveat Postell 0-0: Swinging Strike
0-1: SINGLE (Groundball, 6MD)
Batting: SHB Shiki Sanu 0-0: Ball
1-0: Called Strike
1-1: Hit by Pitch
Keyveat Postell to second
Batting: LHB Lance Antle 0-0: Called Strike
0-1: Fly out, F5 (Line Drive, 56)
Batting: RHB Steve Irwin 0-0: Called Strike
0-1: Swinging Strike
0-2: Ball
1-2: Strikes out swinging
Batting: LHB Ye Der 0-0: Called Strike
0-1: Foul Ball, location: 2F
0-2: Ball
1-2: Foul Ball, location: 2F
1-2: Foul Ball, location: 2F
1-2: SINGLE (Groundball, 4D)
Keyveat Postell to third
Shiki Sanu to second
Runner from 3rd tries for Home, SAFE, throw made home
Batting: RHB Lorenzo Ruíz 0-0: Ball
1-0: Called Strike
1-1: Swinging Strike
1-2: Strikes out swinging
Bottom of the 4th over - 1 run, 2 hits, 0 errors, 2 left on base; Athletic Club KC 3 - Pure Michigan 1
TOP OF THE 5TH
Athletic Club KC Reserves batting - Pitching for Pure Michigan Great Lakers : RHP Jimmy O'Flahavan
Batting: LHB Héctor Barrios 0-0: Foul Ball, location: 2F
0-1: Called Strike
0-2: Ground out 6-3 (Groundball, 6)
Batting: RHB Khal Drogo 0-0: Bunt for hit - play at first, batter OUT! 1-3
Batting: RHB Iván Chacón 0-0: Called Strike
0-1: Swinging Strike
0-2: Ground out 5-3 (Groundball, 56)
Top of the 5th over - 0 runs, 0 hits, 0 errors, 0 left on base; Athletic Club KC 3 - Pure Michigan 1
BOTTOM OF THE 5TH
Pure Michigan Great Lakers batting - Pitching for Athletic Club KC Reserves : RHP Álex Bane
Batting: RHB Bob Barlow 0-0: Ball
1-0: Called Strike
1-1: Ball
2-1: Called Strike
2-2: Foul Ball, location: 2F
2-2: SINGLE (Flyball, 8RS)
Batting: RHB George St. Clair 0-0: Ball
1-0: Called Strike
1-1: Ball
2-1: Foul Ball, location: 2F
2-2: Ball
3-2: Base on Balls
Bob Barlow to second
Batting: RHB Roberto Hernández 0-0: Ball
1-0: Grounds into double play, 5-4-3 (Groundball, 5)
Bob Barlow to third
Batting: SHB Keyveat Postell 0-0: Foul Ball, location: 2F
0-1: Ball
1-1: Fly out, F8 (Flyball, 8LD)
Bottom of the 5th over - 0 runs, 1 hit, 0 errors, 1 left on base; Athletic Club KC 3 - Pure Michigan 1
TOP OF THE 6TH
Athletic Club KC Reserves batting - Pitching for Pure Michigan Great Lakers : RHP Jimmy O'Flahavan
Batting: LHB Wu-shun Chu 0-0: Ball
1-0: Foul Ball, location: 2F
1-1: Ball
2-1: Foul Ball, location: 2F
2-2: Ball
3-2: Foul Ball, location: 2F
3-2: Foul Ball, location: 2F
3-2: Foul Ball, location: 2F
3-2: Ground out 4-3 (Groundball, 4)
Batting: LHB Tsai Ng 0-0: Swinging Strike
0-1: Ball
1-1: Fly out, F8 (Flyball, 8RD)
Batting: RHB Andrés Medina 0-0: Ball
1-0: Fly out, F3 (Popup, 3DF)
Top of the 6th over - 0 runs, 0 hits, 0 errors, 0 left on base; Athletic Club KC 3 - Pure Michigan 1
BOTTOM OF THE 6TH
Pure Michigan Great Lakers batting - Pitching for Athletic Club KC Reserves : RHP Álex Bane
Batting: SHB Shiki Sanu 0-0: Ball
1-0: Foul Ball, location: 2F
1-1: Fly out, F7 (Flyball, 78S)
Batting: LHB Lance Antle 0-0: Ball
1-0: Ball
2-0: Called Strike
2-1: Called Strike
2-2: Ball
3-2: Base on Balls
Batting: RHB Steve Irwin 0-0: Ball
1-0: Ball
2-0: Called Strike
2-1: Ball
3-1: Swinging Strike
3-2: Foul Ball, location: 2F
3-2: Ground out 6-3 (Groundball, 56)
Lance Antle to second
Pitching: RHP Haden Pittman
Batting: LHB Ye Der 0-0: Foul Ball, location: 2F
0-1: Foul Ball, location: 2F
0-2: Strikes out looking
Bottom of the 6th over - 0 runs, 0 hits, 0 errors, 1 left on base; Athletic Club KC 3 - Pure Michigan 1
TOP OF THE 7TH
Athletic Club KC Reserves batting - Pitching for Pure Michigan Great Lakers : RHP Jimmy O'Flahavan
Batting: RHB Dani Reyes 0-0: Swinging Strike
0-1: Called Strike
0-2: Strikes out swinging
Batting: RHB Allen Williams 0-0: Fly out, F7 (Flyball, 7LM)
Batting: RHB Geoff Rivers 0-0: Called Strike
0-1: SINGLE (Flyball, 7LM)
Batting: LHB Héctor Barrios 0-0: Ground out 3-1 (Groundball, 34S)
Top of the 7th over - 0 runs, 1 hit, 0 errors, 1 left on base; Athletic Club KC 3 - Pure Michigan 1
BOTTOM OF THE 7TH
Pure Michigan Great Lakers batting - Pitching for Athletic Club KC Reserves : RHP Haden Pittman
Batting: RHB Lorenzo Ruíz 0-0: Ball
1-0: Called Strike
1-1: Foul Ball, location: 2F
1-2: DOUBLE (Line Drive, 8RD)
Batting: RHB Bob Barlow 0-0: Ball
1-0: Called Strike
1-1: Foul Ball, location: 2F
1-2: Strikes out swinging
Batting: RHB George St. Clair 0-0: Foul Ball, location: 2F
0-1: Reached on error, E5 (Groundball, 56)
Lorenzo Ruíz to third
Batting: RHB Roberto Hernández 0-0: Called Strike
0-1: Ball
1-1: Called Strike
1-2: Ball
2-2: Strikes out swinging
Batting: SHB Keyveat Postell 0-0: Called Strike
0-1: Swinging Strike
0-2: Ball
1-2: Ball
2-2: Reached on error, E6 (Popup, 56)
Lorenzo Ruíz scores
George St. Clair to second
Batting: SHB Shiki Sanu 0-0: Ball
1-0: Called Strike
1-1: Called Strike
1-2: Ball
2-2: Ground out 3-1 (Groundball, 34)
Bottom of the 7th over - 1 run, 1 hit, 2 errors, 2 left on base; Athletic Club KC 3 - Pure Michigan 2
TOP OF THE 8TH
Athletic Club KC Reserves batting - Pitching for Pure Michigan Great Lakers : RHP Jimmy O'Flahavan
Batting: RHB Khal Drogo 0-0: Ball
1-0: Called Strike
1-1: SINGLE (Line Drive, 34D)
Batting: RHB Iván Chacón 0-0: Fielders Choice at 2nd, 6-4 (Groundball, 56)
Batting: LHB Wu-shun Chu 0-0: Ball
1-0: SINGLE (Line Drive, 4MD)
Iván Chacón to second
Iván Chacón to third
Batting: LHB Tsai Ng 0-0: Foul Ball, location: 2F
0-1: Called Strike
0-2: Ball
Wild Pitch!
Iván Chacón scores
Wu-shun Chu to second
1-2: Foul Ball, location: 2F
1-2: Ball
2-2: Foul Ball, location: 2F
2-2: Ball
3-2: Intentional Walk
Batting: RHB Andrés Medina 0-0: Fly out, F7 (Flyball, 7LSF)
Pitching: RHP Felipe Aiba
Batting: RHB Dani Reyes 0-0: Ball
1-0: Foul Ball, location: 2F
1-1: Ball
2-1: Ball
3-1: Fly out, F9 (Flyball, 9S)
Top of the 8th over - 1 run, 2 hits, 0 errors, 2 left on base; Athletic Club KC 4 - Pure Michigan 2
BOTTOM OF THE 8TH
Pure Michigan Great Lakers batting - Pitching for Athletic Club KC Reserves : RHP Haden Pittman
Batting: LHB Lance Antle 0-0: Called Strike
0-1: Ball
1-1: Ball
2-1: Ball
3-1: Ground out 6-3 (Groundball, 6)
Pitching: RHP Alfonso Álvarez
Batting: RHB Steve Irwin 0-0: Swinging Strike
0-1: Ball
1-1: Called Strike
1-2: Strikes out swinging
Batting: LHB Ye Der 0-0: Ball
1-0: Ball
2-0: SINGLE (Groundball, 3S) (infield hit)
Batting: RHB Lorenzo Ruíz 0-0: Called Strike
0-1: Fly out, F3 (Popup, 23F)
Bottom of the 8th over - 0 runs, 1 hit, 0 errors, 1 left on base; Athletic Club KC 4 - Pure Michigan 2
TOP OF THE 9TH
Athletic Club KC Reserves batting - Pitching for Pure Michigan Great Lakers : RHP Felipe Aiba
Pitching: RHP Tsugahara Hori
Batting: RHB Allen Williams 0-0: Ball
1-0: Called Strike
1-1: SINGLE (Groundball, 5D)
Batting: RHB Geoff Rivers 0-0: Ball
1-0: Called Strike
1-1: Ball
2-1: Foul Ball, location: 2F
2-2: Foul Ball, location: 2F
2-2: Strikes out swinging
Batting: LHB Héctor Barrios 0-0: DOUBLE (Groundball, 3L)
Allen Williams to third
Runner from 3rd tries for Home, SAFE, no throw
Batting: RHB Khal Drogo 0-0: Foul Ball, location: 2F
0-1: SINGLE (Groundball, 56D)
Héctor Barrios to third
Runner from 3rd tries for Home, SAFE, no throw
Batting: RHB Iván Chacón 0-0: Ball
Khal Drogo steals 2nd base
1-0: Called Strike
Khal Drogo steals 3rd base
1-1: Called Strike
1-2: Foul Ball, location: 2F
1-2: Fly out, F5 (Line Drive, 56)
Batting: LHB Wu-shun Chu 0-0: Ball
1-0: Ground out 4-3 (Groundball, 4S)
Top of the 9th over - 2 runs, 3 hits, 0 errors, 1 left on base; Athletic Club KC 6 - Pure Michigan 2
BOTTOM OF THE 9TH
Pure Michigan Great Lakers batting - Pitching for Athletic Club KC Reserves : RHP Alfonso Álvarez
Pitching: LHP António Silva
Batting: RHB Bob Barlow 0-0: Called Strike
0-1: Ball
1-1: Foul Ball, location: 2F
1-2: Fly out, F8 (Line Drive, 8LD)
Batting: RHB George St. Clair 0-0: Foul Ball, location: 2F
0-1: Ball
1-1: DOUBLE (Line Drive, 78D)
Batting: RHB Roberto Hernández 0-0: Foul Ball, location: 2F
0-1: Ball
1-1: Ball
2-1: Called Strike
2-2: Strikes out looking
Batting: SHB Keyveat Postell 0-0: Ball
1-0: Ball
2-0: Called Strike
2-1: Foul Ball, location: 2F
2-2: Fly out, F9 (Flyball, 9LSF)
Bottom of the 9th over - 0 runs, 1 hit, 0 errors, 1 left on base; Athletic Club KC 6 - Pure Michigan 2
Tuesday, December 19th, 2017 - OOTP Baseball 18.8 Build 76